 Dungeon Crawl Stone Soup version 0.30-a0-439-g9e77e4d916 (webtiles) character file.

Game seed: 12082818453397988660

9655 PyroL the Dealer of Despair (level 11, -1/72 HPs)
             Began as a Deep Elf Necromancer on Dec 10, 2022.
             Was an Elder of Kikubaaqudgha.
             Shot with a bolt by an orc knight (15 damage)
             ... on level 10 of the Dungeon.
             The game lasted 00:36:20 (13005 turns).

PyroL the Dealer of Despair (Deep Elf Necromancer) Turns: 13005, Time: 00:36:21

Health: -1/72      AC: 13    Str:  5    XL:     11   Next: 25%
Magic:  17/27      EV: 11    Int: 25    God:    Kikubaaqudgha [****..]
Gold:   676        SH:  0    Dex: 15    Spells: 2/31 levels left

rFire   . . .      SeeInvis .    m - +3 spear (protect)
rCold   . . .      Faith    +    (no shield)
rNeg    . . .      Spirit   .    V - +0 acid dragon scales
rPois   .          Reflect  .    k - +0 helmet
rElec   .          Harm     .    F - +0 cloak
rCorr   +          Rampage  .    L - +0 pair of gloves
Will    +....                    (no boots)
Stlth   ++........               C - amulet of faith
HPRegen 0.32/turn                e - +4 ring of slaying
MPRegen 0.20/turn                j - +4 ring of protection

@: lethally poisoned (-1 -> -4), death channelling, slowed, very slow
A: MP-powered wands
a: Renounce Religion, Unearth Wretches


You were on level 10 of the Dungeon.
You worshipped Kikubaaqudgha.
Kikubaaqudgha was greatly pleased with you.
You visited 2 branches of the dungeon, and saw 11 of its levels.
You also visited: Ossuary.

You collected 676 gold pieces.

Inventory:

Hand Weapons
 m - a +3 spear of protection (weapon)
 x - a +0 whip
Missiles
 d - a throwing net
 l - 3 javelins
 w - 20 poisoned darts
 E - 6 atropa-tipped darts
Armour
 k - a +0 helmet (worn)
 F - a +0 cloak (worn)
 L - a +0 pair of gloves (worn)
 V - +0 acid dragon scales (worn)
Jewellery
 c - a +6 ring of dexterity
 e - a +4 ring of slaying (left hand)
 i - a ring of protection from fire
 j - a +4 ring of protection (right hand)
 n - an amulet of guardian spirit
 o - a ring of flight
 C - an amulet of faith (around neck)
 J - a ring of protection from cold
 P - a ring of ice
Wands
 h - a wand of mindburst (14)
 y - a wand of iceblast (10)
Scrolls
 f - a scroll of vulnerability {unknown}
 q - 6 scrolls of teleportation
 s - 2 scrolls of magic mapping
 t - a scroll of butterflies
 A - a scroll of amnesia
 B - 2 scrolls of brand weapon
 G - a scroll of fear
 K - 3 scrolls of enchant armour
 M - a scroll of immolation
 N - a scroll of poison {unknown}
 O - a scroll of enchant weapon
 S - 2 scrolls of silence
Potions
 b - a potion of magic
 g - 3 potions of attraction
 p - 4 potions of mutation
 r - 2 potions of resistance
 u - a potion of cancellation
 v - a potion of brilliance
 z - a potion of ambrosia
 D - a potion of berserk rage
 H - 4 potions of heal wounds
 I - 4 potions of lignification
 Q - 2 potions of might
 R - a potion of invisibility
 T - 2 potions of haste {unknown}
 U - a potion of curing


   Skills:
 * Level 9.9 Fighting
 - Level 2.4 Dodging
 - Level 2.4 Stealth
 - Level 10.6 Spellcasting
 - Level 12.0 Necromancy
 * Level 5.4 Ice Magic
 + Level 2.0 Evocations


You had 2 spell levels left.
You knew the following spells:

 Your Spells              Type           Power      Damage    Failure   Level
a - Necrotise             Necr           100%       1d9       1%          1
b - Vampiric Draining     Necr           65%        2d10      1%          3
c - Animate Dead          Necr           65%        N/A       1%          4
d - Kiss of Death         Conj/Necr      100%       2d13      1%          1
e - Dispel Undead         Necr           65%        3d22      1%          4
f - Death Channel         Necr           32%        N/A       11%         6
g - Anguish               Hex/Necr       21%        N/A       9%          4
h - Simulacrum            Ice/Necr       27%        N/A       41%         6

Your spell library contained the following spells:

 Spells                   Type           Power      Damage    Failure   Level
 Sublimation of Blood     Necr           65%        N/A       1%          2
 Cigotuvi's Dreadful Rot  Necr/Pois/Air  66%        N/A       3%          2
 Apportation              Tloc           26%        N/A       10%         1
 Foxfire                  Conj/Fire      52%        2x1d6     10%         1
 Sandblast                Erth           26%        2d8       10%         1
 Slow                     Hex            52%        N/A       10%         1
 Summon Small Mammal      Summ           52%        N/A       10%         1
 Passwall                 Tmut/Erth      10%        N/A       16%         2
 Agony                    Necr           65%        N/A       1%          5
 Confusing Touch          Hex            13%        N/A       30%         3
 Stone Arrow              Conj/Erth      26%        3d8       30%         3
 Alistair's Intoxication  Tmut/Pois      8%         N/A       95%         5
 Fireball                 Conj/Fire      6%         3d5       95%         5
 Starburst                Conj/Fire      6%         6d4       100%        6


Dungeon Overview and Level Annotations

Branches:
Dungeon (10/15)            Temple (1/1) D:6            Lair (0/5) D:8
    Orc (0/2) D:10        Ossuary (visited)

Altars:
Ashenzari
Cheibriados
Dithmenos
Elyvilon
Fedhas
Gozag
Hepliaklqana
Kikubaaqudgha
Makhleb
Nemelex Xobeh
Okawaru
Qazlal
Ru
Sif Muna
Trog
Uskayaw
Vehumet
Wu Jian
Xom
Zin
The Shining One

Shops:
D:3 *   D:6 ([*   D:8 **   D:10 :

Annotations:
D:10 Sonja


Innate Abilities, Weirdness & Mutations

You expend magic power (3 MP) to strengthen your wands.


Message History

The orc knight shoots a bolt.
The bolt hits your spectral orc warrior.
Your spectral orc warrior hits the orc knight.
Your spectral orc hits the kobold brigand.
The kobold brigand throws a curare-tipped dart.
The curare-tipped dart barely misses your spectral orc.
The curare-tipped dart hits you.
You are poisoned.
You have difficulty breathing.
* * * LOW HITPOINT WARNING * * *
You feel yourself slow down.
The orc knight shoots a bolt.
The bolt closely misses your spectral orc warrior.
The bolt hits you!
* * * LOW HITPOINT WARNING * * *
Your spectral orc warrior hits the orc knight but does no damage.
* * * LOW HITPOINT WARNING * * *
You feel very sick.
Your spectral orc hits the kobold brigand but does no damage.
The kobold brigand hits your spectral orc with a +0 short sword.
The orc knight shoots a bolt.
The bolt hits your spectral orc warrior!!
Your spectral orc warrior is destroyed!
Your spectral orc barely misses the orc knight.
Your spectral orc closely misses the kobold brigand.
The kobold brigand throws a curare-tipped dart.
The curare-tipped dart hits your spectral orc.
You feel much better.
You feel very sick.
Your spectral orc hits the orc knight but does no damage.
Your spectral orc hits the kobold brigand.
Your spectral orc drains the kobold brigand.
The kobold brigand hits your spectral orc with a +0 short sword.
Your spectral orc is destroyed!
The orc knight shoots a bolt.
The bolt hits you!
* * * LOW HITPOINT WARNING * * *
Your spectral orc hits the orc knight but does no damage.
You feel very sick.
The orc knight shoots a bolt.
The bolt hits you!
You die...
Kikubaaqudgha rasps: "You have failed me!
Welcome... death!"

#................... ...
####.................. ...
#..................... ...
##'###................ ...
#≈≈.≈≈#...............P ...
#≈#.#≈#................. ##.
#≈._.≈#.................. #.
#≈#.#≈#..##)..........#..##.
#≈≈≈≈≈####.@<#........#.....
########...##[....#...#.....
##..###.).............#.....
#...Zo.............[........
##..o....####.............##
##.#)K..# #........._.....
#.o##### #..#............
#o[# ##..#............ #..8
#..........#.#...


You could see an orc knight, a kobold brigand (drained, ally target), 2 orcs and
a friendly spectral orc.

Vanquished Creatures
  A two-headed ogre (D:8)
  A manticore (D:9)
  2 kobold demonologists
  A troll (D:10)
  Prince Ribbit (D:7)
  A shadow (D:9)
  7 yaks
  A wraith (D:9)
  2 wyverns (D:8)
  A basilisk (D:8)
  2 steam dragons (D:9)
  3 acid dragons
  5 water moccasins
  7 orc warriors
  3 ice beasts (D:6)
  4 sky beasts
  2 phantoms (D:6)
  A kobold brigand (D:6)
  A necrophage (D:6)
  5 bullfrogs
  A gnoll sergeant (D:5)
  3 scorpions
  5 water moccasin zombies (Ossuary)
  7 wights
  5 killer bees
  A crimson imp (D:8)
  2 hounds
  5 orc priests
  2 gnoll boudas
  2 iguanas
  6 orc wizards
  An ogre zombie (D:4)
  2 mummies (Ossuary)
  Robin (D:4)
  7 gnolls
  7 gnoll zombies
  10 adders
  A shadow imp (D:5)
  An ufetubus (D:5)
  4 adder zombies (Ossuary)
  2 worms (D:2)
  6 dart slugs
  27 orcs
  5 ball pythons
  5 bats
  8 endoplasms
  6 giant cockroaches
  15 goblins
  3 hobgoblins
  4 jackals (D:3)
  3 quokkas
  9 hobgoblin zombies (Ossuary)
  14 kobolds
  2 kobold zombies (Ossuary)
  3 orc zombies (Ossuary)
  4 rats
240 creatures vanquished.

Vanquished Creatures (collateral kills)
  A yak (D:8)
  An ogre (D:5)
  A killer bee (D:5)
  A hound (D:5)
  2 orc priests
  An iguana (D:6)
  An orc wizard (D:7)
  2 gnolls
  An adder (D:6)
  5 orcs
  A hobgoblin (D:6)
  7 kobolds (D:6)
24 creatures vanquished.

Vanquished Creatures (others)
  A troll (D:9)
  A yak (D:9)
  A steam dragon (D:9)
  An orc warrior (D:10)
  A sky beast (D:9)
  A water moccasin zombie (D:8)
  2 yak zombies (D:8)
  A killer bee (D:9)
  3 killer bee zombies
  A sky beast zombie (D:9)
  16 orc zombies
  A steam dragon zombie (D:9)
  5 gnoll zombies
  5 goblin zombies (D:4)
  A hobgoblin zombie (D:4)
  A kobold zombie (D:10)
  A bush (D:8)
  10 fungi
  24 plants (D:8)
77 creatures vanquished.

Grand Total: 341 creatures vanquished

Notes
Turn   | Place    | Note
-------+----------+-------------------------------------------
     0 | D:1      | PyroL the Deep Elf Necromancer began the quest for the Orb.
     0 | D:1      | Reached XP level 1. HP: 10/10 MP: 6/6
    84 | D:1      | Reached skill level 5 in Necromancy
    93 | D:1      | Reached XP level 2. HP: 13/15 MP: 0/8
   816 | D:2      | Reached XP level 3. HP: 18/19 MP: 5/10
   823 | D:2      | Learned a level 3 spell: Vampiric Draining
  1137 | D:2      | Reached XP level 4. HP: 24/24 MP: 9/12
  1142 | D:2      | Learned a level 4 spell: Animate Dead
  1214 | D:2      | Found a faded altar of an unknown god.
  1641 | D:3      | Reached skill level 6 in Necromancy
  1885 | D:3      | Found Coudyu's Assorted Antiques.
  1925 | D:3      | Reached skill level 5 in Spellcasting
  1985 | D:3      | Found a faded altar of an unknown god.
  1985 | D:3      | Found a faded altar of an unknown god.
  1987 | D:3      | Found a hazy altar of Hepliaklqana.
  2125 | D:4      | Found an ornate altar of the Wu Jian Council.
  2506 | D:3      | Found a shimmering blue altar of Sif Muna.
  2707 | D:3      | Found a blossoming altar of Fedhas.
  3049 | D:4      | Reached XP level 5. HP: 28/28 MP: 8/14
  3081 | D:4      | Noticed Robin
  3088 | D:4      | Killed Robin
  3610 | D:4      | Found a hide-covered altar of Uskayaw.
  3611 | D:4      | Found a broken altar of Ashenzari.
  3726 | D:4      | Found a transporter.
  3847 | D:4      | Found a transporter.
  3887 | D:4      | Reached skill level 7 in Necromancy
  3967 | D:4      | Noticed an orc warrior
  3970 | D:4      | Reached XP level 6. HP: 32/32 MP: 11/17
  3982 | D:4      | Killed an orc warrior
  4377 | D:5      | Entered Level 5 of the Dungeon
  4498 | D:5      | Reached skill level 8 in Necromancy
  4516 | D:5      | Reached XP level 7. HP: 30/36 MP: 13/19
  4770 | D:5      | Found an opulent altar of Gozag.
  4786 | D:5      | Reached skill level 9 in Necromancy
  5119 | D:5      | Found a sparkling altar of Nemelex Xobeh.
  5223 | D:5      | Reached skill level 10 in Necromancy
  5771 | D:5      | Reached XP level 8. HP: 40/41 MP: 12/20
  5773 | D:5      | Learned a level 1 spell: Kiss of Death
  5778 | D:5      | Learned a level 4 spell: Dispel Undead
  5785 | D:5      | Learned a level 6 spell: Death Channel
  5870 | D:6      | Reached skill level 11 in Necromancy
  6048 | D:6      | Found a staircase to the Ecumenical Temple.
  6062 | Temple   | Entered the Ecumenical Temple
  6078 | Temple   | Became a worshipper of Kikubaaqudgha
  7192 | D:6      | Found Syqar's Antique Weapon Shoppe.
  7205 | D:6      | Found Medengeo's Armour Shop.
  7268 | D:6      | Reached * piety under Kikubaaqudgha
  7268 | D:6      | Received a gift from Kikubaaqudgha
  7269 | D:6      | Reached skill level 1 in Fighting
  7269 | D:6      | Reached skill level 12 in Necromancy
  7551 | D:6      | Found Jifirex's General Store.
  7793 | D:7      | Reached XP level 9. HP: 26/48 MP: 3/24
  7939 | D:7      | Found a white marble altar of Elyvilon.
  7964 | D:7      | Noticed Prince Ribbit
  7987 | D:7      | Killed Prince Ribbit
  7988 | D:7      | Reached skill level 10 in Spellcasting
  8240 | D:7      | Found a sand-covered staircase.
  8246 | Ossuary  | Entered an ossuary
  8264 | Ossuary  | Reached ** piety under Kikubaaqudgha
  8775 | D:7      | Reached skill level 5 in Fighting
  9148 | D:8      | Reached *** piety under Kikubaaqudgha
  9148 | D:8      | Received a gift from Kikubaaqudgha
  9172 | D:8      | Found Waevet's CLEARANCE SALE!.
  9186 | D:8      | Learned a level 4 spell: Anguish
  9424 | D:8      | Found Ginedett's General Store.
  9535 | D:8      | Found a staircase to the Lair.
  9543 | D:8      | Reached XP level 10. HP: 61/61 MP: 13/26
 10259 | D:8      | Noticed a two-headed ogre
 10265 | D:8      | Killed a two-headed ogre
 10674 | D:8      | Found a burning altar of Makhleb.
 10674 | D:8      | Found a shimmering altar of Xom.
 10944 | D:9      | Reached skill level 1 in Ice Magic
 11150 | D:9      | Found a glowing golden altar of the Shining One.
 11397 | D:9      | Noticed a manticore
 11404 | D:9      | Reached **** piety under Kikubaaqudgha
 11873 | D:9      | Killed a manticore
 11874 | D:9      | Reached XP level 11. HP: 52/66 MP: 15/27
 12084 | D:9      | Learned a level 6 spell: Simulacrum
 12091 | D:10     | Entered Level 10 of the Dungeon
 12093 | D:10     | Found a glowing silver altar of Zin.
 12191 | D:10     | Found Poiwn's Tremendous Tomes.
 12257 | D:10     | Found a sacrificial altar of Ru.
 12259 | D:10     | Noticed Sonja
 12580 | D:10     | Found a stormy altar of Qazlal.
 12586 | D:10     | Reached skill level 1 in Evocations
 12643 | D:10     | Found a staircase to the Orcish Mines.
 12664 | D:10     | Noticed an orc knight
 12672 | D:10     | Noticed a soul eater
 12819 | D:10     | Reached skill level 5 in Ice Magic
 12830 | D:9      | Gained mutation: Your body sometimes deteriorates upon
                  | taking damage. [a neqoxec]
 12872 | D:9      | Lost mutation: Your body sometimes deteriorates upon taking
                  | damage. [potion of mutation]
 12872 | D:9      | Gained mutation: You sometimes lose your temper in combat.
                  | [potion of mutation]
 12872 | D:9      | Gained mutation: You expend magic power (3 MP) to
                  | strengthen your wands. [potion of mutation]
 12872 | D:9      | Lost mutation: You sometimes lose your temper in combat.
                  | [potion of mutation]
 13005 | D:10     | Shot with a bolt by an orc knight

Illustrated notes

Levels and vault maps discovered:
D:1:      amcnicky_arrival_abandoned_market, layout_rooms, minmay_ruptured
D:2:      layout_basic, basic_ecumenical_altar
D:3:      layout_basic, nicolae_overflow_hidden_temple,
          nicolae_hepliaklqana_ecumenical_no_more,
          nicolae_sif_muna_little_library, serial_shops,
          nicolae_shop_advertising_works [nicolae_subvault_shop_adworks]
D:4:      gammafunk_cloud_chamber, layout_loops_corners,
          mainiacjoe_overflow_divided_tiny, mainiacjoe_overflow_chevrons,
          minmay_curled_crystal, nrook_uturn, uniq_robin
D:5:      layout_loops_corners, grunt_gozag_statues,
          mainiacjoe_overflow_alcove_4, hangedman_minor_gate_pass
D:6:      cheibrodos_thug_alley, layout_rooms, minmay_temple_entry_tees,
          serial_shops, nicolae_lakefront_shop, shop, shop, corexii_checkpoint_a
D:7:      layout_basic, elyvilon_altar_5, enter_ossuary_5, uniq_prince_ribbit1
D:8:      layout_loops_ring, grunt_temple_overflow_champion_of_chaos,
          minmay_lair_entry_grove, serial_shops, shop, nicolae_shop_clearance
D:9:      layout_cave_pools, tso_metal_star, minmay_liquid_box,
          hangedman_misty_isle
D:10:     layout_cave_pools, mainiacjoe_overflow_boulevard,
          yredelemnul_forgotten_temple_becter, lemuel_doored_altar,
          kennysheep_little_box, david_orc_5, nicolae_shop_i_like_big_books,
          minmay_crystal_water, uniq_sonja
Temple:   nicolae_temple_bog_church

Skill      XL: |  1  2  3  4  5  6  7  8  9 10 11 |
---------------+----------------------------------+-----
Necromancy     | 5 6 7 8 10 12 | 12.0
Spellcasting   | 4 5 6 9 10 | 10.6
Fighting       | 2 6 9 |  9.9
Ice Magic      | 4 5 |  5.4
Evocations     | 2 |  2.0
Dodging        | |  2.4
Stealth        | |  2.4

Action                   |  1- 3 |  4- 6 |  7- 9 | 10-12 || total
-------------------------+-------+-------+-------+-------++-------
Melee: Short sword       |     6 |       |       |       ||     6
       Spear             |     7 |    65 |   200 |   102 ||   374
       Punch             |       |       |     1 |     1 ||     2
 Cast: Necrotise         |    47 |    66 |    65 |    50 ||   228
       Vampiric Draining |       |    16 |    48 |    55 ||   119
       Animate Dead      |       |     2 |     6 |     8 ||    16
       Dispel Undead     |       |       |    21 |    10 ||    31
       Death Channel     |       |       |     6 |     4 ||    10
       Anguish           |       |       |       |     6 ||     6
       Kiss of Death     |       |       |       |     1 ||     1
  Use: Scroll            |       |     2 |    13 |     7 ||    22
       Potion            |       |       |     3 |     2 ||     5
 Stab: Distracted        |     1 |     1 |     2 |       ||     4
       Sleeping          |       |     2 |     5 |       ||     7
Armor: Robe              |    10 |    21 |   104 |    58 ||   193
       Acid dragon scale |       |       |       |    51 ||    51
Dodge: Dodged            |     8 |    42 |   128 |   115 ||   293

Table legend: (Time is in decaauts)
 A = Elapsed time spent in this place.
 B = Non-inter-level travel time spent in this place.
 C = Inter-level travel time spent in this place.
 D = Time resting spent in this place.
 E = Time spent auto-exploring this place.
 F = Levels seen in this place.
 G = Mean time per level.
                   A        B        C        D        E       F      G
               +--------+--------+--------+--------+--------+-----+--------+
         Total |  13080 |  12394 |    686 |   2432 |   7829 |  12 | 1090.0 |
       Dungeon |  12379 |  11719 |    660 |   2267 |   7506 |  10 | 1237.9 |
        Temple |    321 |    295 |     26 |    100 |    179 |   1 |  321.0 |
       Ossuary |    380 |    380 |      0 |     65 |    143 |   1 |  380.0 |
               +--------+--------+--------+--------+--------+-----+--------+

Top non-repeatable levels by time:
     D:4: 2010 daAuts
     D:8: 1740 daAuts
     D:5: 1466 daAuts
     D:9: 1364 daAuts
     D:3: 1329 daAuts
     D:7: 1147 daAuts
     D:6: 1047 daAuts
     D:2: 968 daAuts
     D:1: 655 daAuts
    D:10: 648 daAuts
 Ossuary: 380 daAuts
  Temple: 321 daAuts
